 Dungeon Crawl Stone Soup version 0.29.1-13-g9f3cf754e1 (webtiles) character file.

Game seed: 9014664458137188754

51 Priul the Grave Robber (level 3, 0/19 HPs)
             Began as a Deep Elf Necromancer on Feb 8, 2023.
             Slain by a white imp (4 damage)
             ... summoned by Natasha
             ... on level 3 of the Dungeon.
             The game lasted 00:09:15 (1994 turns).

Priul the Grave Robber (Deep Elf Necromancer)       Turns: 1994, Time: 00:09:15

Health: 0/19       AC:  2    Str:  5    XL:     3   Next: 57%
Magic:  5/10       EV: 13    Int: 21    God:
Gold:   167        SH:  0    Dex: 15    Spells: 6/10 levels left

rFire   . . .      SeeInvis .   h - +0 sling
rCold   . . .      Faith    .   (no shield)
rNeg    . . .      Spirit   .   a - +0 robe
rPois   .          Reflect  .   (no helmet)
rElec   .          Harm     .   (no cloak)
rCorr   .          Rampage  .   (no gloves)
Will    .....                   (no boots)
Stlth   ++........              (no amulet)
HPRegen 0.06/turn               (no ring)
MPRegen 0.12/turn               (no ring)

@: no status effects
A: no striking features
a: no special abilities


You were on level 3 of the Dungeon.
You visited 1 branch of the dungeon, and saw 3 of its levels.

You collected 167 gold pieces.

Inventory:

Hand Weapons
 h - a +0 sling (weapon)
 i - a +0 dagger of venom
Missiles
 k - 5 curare-tipped darts
Armour
 a - a +0 robe (worn)
Scrolls
 d - a scroll of butterflies {unknown}
 g - a scroll of blinking {unknown}
 l - a scroll of poison {unknown}
 m - a scroll of summoning {unknown}
Potions
 b - a potion of magic
 c - a potion of brilliance {unknown}
 e - a potion of lignification {unknown}
 f - 2 potions of degeneration {unknown}
 n - a potion of flight {unknown}


   Skills:
 + Level 0.1 Ranged Weapons
 + Level 2.9 Dodging
 + Level 3.0 Stealth
 + Level 4.0 Spellcasting
 + Level 5.4 Necromancy


You had 6 spell levels left.
You knew the following spells:

 Your Spells              Type           Power      Damage    Failure   Level
a - Necrotise             Necr           100%       1d9       1%          1
b - Vampiric Draining     Necr           27%        2d7       3%          3

Your spell library contained the following spells:

 Spells                   Type           Power      Damage    Failure   Level
 Sublimation of Blood     Necr           27%        N/A       1%          2
 Animate Dead             Necr           27%        N/A       13%         4
 Wereblood                Tmut           4%         N/A       19%         2
 Ozocubu's Armour         Ice            4%         N/A       34%         3
 Agony                    Necr           27%        N/A       34%         5
 Ozocubu's Refrigeration  Ice            2%         4d7       100%        7
 Summon Hydra             Summ           2%         N/A       100%        7


Dungeon Overview and Level Annotations

Branches:
Dungeon (3/15)

Altars:

Annotations:
D:3 Natasha


Message History

Press: ? - help, Q - select action, (/) - cycle Shift-Dir - straight line, f/p - Natasha
Aim: Natasha (50% to hit)
You throw a javelin.
The javelin barely misses the white imp.
The javelin pierces through Natasha but does no damage.
The white imp misses you.
Throw: javelin
Press: ? - help, Q - select action, (/) - cycle Shift-Dir - straight line, f/p - Natasha
Aim: Natasha (50% to hit)
You throw a javelin.
The javelin barely misses the white imp.
The javelin pierces through Natasha.
Natasha is moderately wounded.
The white imp barely misses you. The white imp closely misses you.
Fire: h) +0 sling
Press: ? - help, Q - select action, (/) - cycle Shift-Dir - straight line, f - white imp, p - Natasha
Aim: a white imp (heavily wounded, summoned, 54% to hit)
You shoot a sling bullet.
The sling bullet barely misses the white imp.
The sling bullet hits Natasha.
Natasha is heavily wounded.
The white imp barely misses you.
Fire: h) +0 sling
Press: ? - help, Q - select action, (/) - cycle Shift-Dir - straight line, f/p - white imp
Aim: a white imp (heavily wounded, summoned, 54% to hit)
You shoot a sling bullet.
The sling bullet hits the white imp but does no damage.
The white imp is heavily wounded.
The white imp barely misses you.
Fire: h) +0 sling
Press: ? - help, Q - select action, (/) - cycle Shift-Dir - straight line, f/p - white imp
Aim: a white imp (heavily wounded, summoned, 54% to hit)
You shoot a sling bullet.
The sling bullet closely misses the white imp.
The sling bullet hits Natasha.
Natasha is heavily wounded.
The white imp hits you.
* * * LOW HITPOINT WARNING * * *
The white imp freezes you.
You die...

.#........# #...#
........#.# #.S.#
.#........# #...#
<#.....#.####### .h.#
.###.###........ ...#
## ## #.###########
#..##...# #.......#
#.....g..
#######.###########.#
#......@5h...(#
###############


You could see Natasha and a white imp (summoned).

Vanquished Creatures
  A gnoll (D:3)
  An adder (D:3)
  3 endoplasms
  2 giant cockroaches (D:1)
  3 goblins (D:1)
  2 hobgoblins (D:1)
  A quokka (D:1)
  2 ball pythons
  5 bats
  A frilled lizard (D:2)
  6 kobolds
  2 rats (D:1)
29 creatures vanquished.

Notes
Turn   | Place    | Note
-------+----------+-------------------------------------------
     0 | D:1      | Priul the Deep Elf Necromancer began the quest for the Orb.
     0 | D:1      | Reached XP level 1. HP: 10/10 MP: 6/6
   179 | D:1      | Reached skill level 5 in Necromancy
   250 | D:1      | Reached XP level 2. HP: 15/15 MP: 5/8
   680 | D:1      | You fall into a shaft and drop 1 floor!
  1457 | D:2      | Reached XP level 3. HP: 17/19 MP: 8/10
  1466 | D:2      | Learned a level 3 spell: Vampiric Draining
  1973 | D:3      | Noticed Natasha
  1994 | D:3      | Slain by a white imp

Illustrated notes

Levels and vault maps discovered:
D:1:      amcnicky_arrival_flooded_fountain, layout_basic
D:2:      layout_loops_ring, serial_rivers, chequers_serial_rivers_micro_c,
          chequers_serial_rivers_micro_d, chequers_serial_rivers_large_a,
          chequers_serial_rivers_small_b
D:3:      layout_loops_ring, gammafunk_ghost_mausoleum,
          ebering_ecumenical_altar_sacrificial, serial_bayou_pond_e,
          uniq_natasha

Skill      XL: |  1  2  3 |
---------------+----------+-----
Necromancy     | 5 |  5.4
Spellcasting   | 4 |  4.0
Stealth        | 3 |  3.0
Ranged Weapons | |  0.1
Dodging        | |  2.9

Action                   || total
-------------------------++-------
 Fire: Sling             ||     9
Throw: Javelin           ||     5
 Cast: Necrotise         ||    49
       Vampiric Draining ||     1
Armor: Robe              ||     2
Dodge: Dodged            ||    14
